 Dungeon Crawl Stone Soup version 0.28.0 (webtiles) character file.

Game seed: 15620685670703324151

67 crazypyro the Chopper (level 4, -5/39 HPs)
             Began as a Hill Orc Monk on Feb 12, 2022.
             Slain by a gnoll (6 damage)
             ... on level 3 of the Dungeon.
             The game lasted 00:04:24 (2335 turns).

crazypyro the Chopper (Hill Orc Monk)               Turns: 2335, Time: 00:04:25

Health: -5/39      AC: 11    Str: 15    XL:     4   Next: 18%
Magic:  4/4        EV:  4    Int: 10    God:
Gold:   35         SH:  0    Dex: 13    Spells: 3/3 levels left

rFire   . . .      SeeInvis +   a - +0 hand axe
rCold   . . .      Faith    .   (no shield)
rNeg    . . .      Spirit   .   l - +0 plate armour
rPois   .          Reflect  .   (no helmet)
rElec   .          Harm     .   (no cloak)
rCorr   .          Rampage  .   h - +0 pair of gloves
Will    .....                   (no boots)
Stlth   ..........              (no amulet)
HPRegen 0.13/turn               f - ring of see invisible
MPRegen 0.09/turn               (no ring)

@: no status effects
A: no striking features
a: no special abilities


You were on level 3 of the Dungeon.
You visited 1 branch of the dungeon, and saw 3 of its levels.

You collected 35 gold pieces.

Inventory:

Hand Weapons
 a - a +0 hand axe (weapon)
Armour
 b - a +0 robe
 h - a +0 pair of gloves (worn)
 l - a +0 plate armour (worn)
Jewellery
 f - a ring of see invisible (left hand)
 g - a ring of poison resistance
Scrolls
 c - 2 scrolls of identify {unknown}
 d - a scroll of blinking {unknown}
 e - 3 scrolls of teleportation {unknown}
Potions
 i - a potion of mutation {unknown}
 j - a potion of magic {unknown}
 k - a potion of flight {unknown}
 m - 2 potions of curing {unknown}


   Skills:
 - Level 3.6 Fighting
 * Level 6.5 Axes
 - Level 2.4 Dodging
 - Level 1.5 Stealth


You had 3 spell levels left.
You didn't know any spells.
Your spell library contained the following spells:

 Spells                   Type           Power      Damage    Failure   Level
 Tukima's Dance           Hex            0%         N/A       100%        3
 Passage of Golubria      Tloc           0%         N/A       100%        4
 Yara's Violent Unravell  Hex/Tmut       0%         3d3       100%        5


Dungeon Overview and Level Annotations

Branches:
Dungeon (3/15)

Altars:


Message History

The gnoll barely misses you. The gnoll hits you but does no damage.
You hit the gnoll but do no damage.
The gnoll is heavily wounded.
You closely miss the gnoll. You hit the gnoll. The gnoll barely misses you.
The gnoll hits you but does no damage. The gnoll hits you with a +0 flail.
You hit the gnoll but do no damage.
The gnoll is heavily wounded.
You hit the gnoll. You barely miss the gnoll.
The gnoll hits you but does no damage. The gnoll completely misses you.
The gnoll hits you but does no damage.
You hit the gnoll.
The gnoll is severely wounded.
You closely miss the gnoll. You barely miss the gnoll.
The gnoll barely misses you. x2; The gnoll hits you but does no damage.
You hit the gnoll.
The gnoll is almost dead.
You closely miss the gnoll. You barely miss the gnoll.
The gnoll hits you with a +0 spear! The gnoll hits you with a +0 halberd!
The gnoll hits you but does no damage.
You are too injured to fight recklessly!
You are too injured to fight recklessly!
You hit the gnoll.
You kill the gnoll!
You hit the gnoll. x2; The gnoll hits you with a +0 halberd.
The gnoll hits you with a +0 flail!
* * * LOW HITPOINT WARNING * * *
You slash the gnoll!
The gnoll is severely wounded.
You hit the gnoll. The gnoll hits you with a +0 halberd.
* * * LOW HITPOINT WARNING * * *
The gnoll barely misses you.
You hit the gnoll.
The gnoll is almost dead.
You closely miss the gnoll. The gnoll hits you but does no damage.
The gnoll hits you with a +0 flail.
* * * LOW HITPOINT WARNING * * *
You hit the gnoll.
You kill the gnoll!
You hit the gnoll but do no damage. The gnoll hits you with a +0 flail.
You die...

#.##.####### #
#...........
#.#########.#######
#.#...........#
..........#######
.#####.#.......#
...#.#.#####.#
######.#.#.# #.#
#...)@...#.# #.#
#...g).###+#####.#
#......# .......)#
.......... .>......#
........##........)#####
........# .#######......
........# # #######
........#


You could see a gnoll.

Vanquished Creatures
  2 gnolls (D:3)
  An adder (D:2)
  A dart slug (D:1)
  10 ball pythons
  An endoplasm (D:1)
  4 giant cockroaches (D:1)
  3 goblins
  4 quokkas
  9 bats
  A frilled lizard (D:1)
  6 kobolds
  7 rats
49 creatures vanquished.

Notes
Turn   | Place    | Note
-------+----------+-------------------------------------------
     0 | D:1      | crazypyro the Hill Orc Monk began the quest for the Orb.
     0 | D:1      | Reached XP level 1. HP: 19/19 MP: 1/1
    71 | D:1      | Reached XP level 2. HP: 14/26 MP: 2/2
   331 | D:1      | Reached skill level 5 in Axes
   688 | D:1      | Reached XP level 3. HP: 22/31 MP: 3/3
   847 | D:1      | Found a faded altar of an unknown god.
  1369 | D:2      | Reached skill level 6 in Axes
  2304 | D:3      | Reached XP level 4. HP: 39/39 MP: 4/4
  2334 | D:3      | HP: 1/39 [gnoll (2)]
  2335 | D:3      | Slain by a gnoll

Illustrated notes

Levels and vault maps discovered:
D:1:      dpeg_arrival_stone_temple_mockup, layout_basic,
          ebering_ecumenical_altar_box
D:2:      layout_loops_ring
D:3:      layout_basic, serial_shops, nicolae_shop_stone, roderic_roman_lattice,
          minmay_checkerbox, uniq_crazy_yiuf_cottage

Skill      XL: |  1  2  3 |
---------------+----------+-----
Axes           | 5 6 |  6.5
Fighting       | |  3.6
Dodging        | |  2.4
Stealth        | |  1.5

Action                   |  1- 3 |  4- 6 || total
-------------------------+-------+-------++-------
Melee: Hand axe          |   143 |    10 ||   153
       Punch             |     3 |       ||     3
 Stab: Sleeping          |     8 |       ||     8
Armor: Robe              |    27 |       ||    27
       Plate armour      |    22 |     9 ||    31
Dodge: Dodged            |    99 |     7 ||   106
